 Dungeon Crawl Stone Soup version 0.21.1-1-g345015f (webtiles) character file.

38245 shakethe the Blinker (level 13, -18/65 HPs)
             Began as a Spriggan Enchanter on Feb 13, 2018.
             Was an Initiate of Gozag.
             Demolished by a komodo dragon (78 damage)
             ... on level 6 of the Lair of Beasts.
             The game lasted 03:35:32 (26868 turns).

shakethe the Blinker (Spriggan Enchanter)          Turns: 26868, Time: 03:35:33

Health: -18/65     AC:  2    Str:  4    XL:     13   Next: 62%
Magic:  35/36      EV: 29    Int: 21    God:    Gozag
Gold:   1869       SH:  0    Dex: 17    Spells: 7/30 levels left

rFire    . . .     SeeInvis +   a - +2 dagger
rCold    . . .     Gourm    .   (shield restricted)
rNeg     . . .     Faith    .   e - +0 robe
rPois    .         Spirit   .   (helmet restricted)
rElec    .         Reflect  .   (no cloak)
rCorr    .         Harm     .   (gloves unavailable)
MR       +++..                  (boots unavailable)
Stlth    ++++++....             (no amulet)
HPRegen  0.20/turn              T - ring of protection from magic {MR+, !d}
MPRegen  0.25/turn              O - ring of magical power {MP+9}

@: sleeping, gold aura, very quick
A: very small, unfitting armour, see invisible, herbivore, speed 3, slow
metabolism 2
a: Potion Petition, Call Merchant, Bribe Branch, Renounce Religion


You were on level 6 of the Lair of Beasts.
You worshipped Gozag.
Gozag was most pleased with you.
You were not hungry.

You visited 3 branches of the dungeon, and saw 21 of its levels.
You also visited: Ossuary.

You collected 4037 gold pieces.
You spent 1574 gold pieces at shops.
You paid 594 gold pieces to Gozag.

Inventory:

Hand Weapons
 a - a +2 dagger (weapon)
 b - a +0 blowgun
   (You took it off a kobold on level 12 of the Dungeon)
Missiles
 k - 305 stones (quivered)
 n - 30 poisoned needles
Armour
 e - a +0 robe (worn)
 V - a +1 buckler of protection
   (You found it on level 3 of the Lair of Beasts)
Jewellery
 p - an uncursed amulet of rage {+Rage, !d}
   (You found it on level 1 of the Lair of Beasts)
 O - a ring of magical power (right hand) {MP+9}
   (You found it on level 13 of the Dungeon)
 T - a ring of protection from magic (left hand) {MR+, !d}
   (You bought it in a shop on level 10 of the Dungeon)
Wands
 m - a wand of disintegration (7)
   (You found it on level 4 of the Dungeon)
 q - a wand of enslavement (11)
   (You found it on level 5 of the Dungeon)
 r - a wand of random effects (40)
   (You found it on level 5 of the Dungeon)
 u - a wand of digging (20)
   (You found it on level 7 of the Dungeon)
 D - a wand of flame (154)
   (You found it on level 8 of the Dungeon)
 J - a wand of clouds (3)
   (You found it on level 11 of the Dungeon)
 Q - a wand of acid (6)
   (You bought it in a shop on level 10 of the Dungeon)
 R - a wand of iceblast (8)
   (You took it off a naga on level 2 of the Lair of Beasts)
 U - a wand of paralysis (11)
   (You found it on level 3 of the Lair of Beasts)
Scrolls
 c - 2 scrolls of fear
 j - 2 scrolls of amnesia
 l - 14 scrolls of remove curse
 t - 8 scrolls of teleportation
 w - 3 scrolls of fog
 x - 10 scrolls of identify
 y - a scroll of blinking {!r}
 z - 3 scrolls of enchant weapon
 C - a scroll of torment {!r}
 E - 2 scrolls of holy word {!r}
 F - 3 scrolls of immolation {!r}
 L - 3 scrolls of enchant armour
 P - a scroll of vulnerability {!r!r}
 S - 2 scrolls of magic mapping {unknown}
Potions
 f - 5 potions of heal wounds
 g - 2 potions of curing
 h - 2 potions of invisibility
 i - a potion of might
 o - a potion of agility
 s - 2 potions of haste
 v - 7 potions of lignification {!q}
 A - 3 potions of cancellation
 B - 2 potions of degeneration {!q}
 G - a potion of berserk rage {!q}
 K - 4 potions of brilliance
 M - 2 potions of flight
 N - 3 potions of resistance
 X - a potion of mutation {unknown}
Books
 H - a book of the Warp
   (You bought it in a shop on level 8 of the Dungeon)
 W - a book of Beasts
   (You found it on level 3 of the Lair of Beasts)
Miscellaneous
 I - a phial of floods
   (You found it on level 11 of the Dungeon)
Comestibles
 d - 33 rations


   Skills:
 - Level 5.8 Fighting
 - Level 10.0 Short Blades
 - Level 12.9 Dodging
 - Level 13.6 Stealth
 - Level 9.0 Spellcasting
 - Level 10.6 Hexes
 * Level 15.0 Translocations
 - Level 3.1 Ice Magic
 - Level 6.3 Evocations


You had 7 spell levels left.
You knew the following spells:

 Your Spells              Type           Power        Failure   Level  Hunger
a - Tukima's Dance        Hex            ######..     1%          3    None
b - Gell's Gravitas       Tloc           ######....   1%          3    None
c - Portal Projectile     Hex/Tloc       ######       1%          3    None
e - Confuse               Hex            ######..     1%          3    None
q - Corona                Hex            ######.      1%          1    None
w - Ensorcelled Hibernat  Hex/Ice        #####.       1%          2    None
B - Controlled Blink      Tloc           N/A          67%         8    #######


Dungeon Overview and Level Annotations

Branches:
Dungeon (14/15)            Temple (1/1) D:6            Lair (6/6) D:10
 Shoals (0/4) Lair:3        Snake (0/4) Lair:2          Orc (0/2) D:10
  Slime: Lair:5-6    Vaults: D:13-14

Altars:
Ashenzari
Cheibriados
Dithmenos
Elyvilon
Fedhas
Gozag
Hepliaklqana
Kikubaaqudgha
Makhleb
Nemelex Xobeh
Okawaru
Qazlal
Ru
Sif Muna
Trog
Uskayaw
Vehumet
Wu Jian
Xom
Yredelemnul
Zin
The Shining One

Shops:
D:6 [   D:8 :   D:10 :*

Portals:
Trove: D:11 (give +5 demon trident)

Annotations:
D:9 1 exclusion


Innate Abilities, Weirdness & Mutations

You are very small and have problems with some larger weapons.
You are too small for most types of armour.
You have supernaturally acute eyesight. (SInv)
You are a herbivore.
You cover ground extremely quickly.
You need consume almost no food.


Message History

The dream sheep bleats! x2
A dream sheep comes into view.
The dream sheep shake their wool and sparkle.
You feel drowsy...
You fall asleep.
The dream sheep moves out of view.
A komodo dragon comes into view.
The dream sheep completely misses you.
A spiny frog comes into view.
The dream sheep bleats!
You hear an angry hiss.
The dream sheep completely misses you. The dream sheep bites you.
You wake up.
The dream sheep closely misses you.
You take 2 damage, and have 63/65 hp.
You regained 2 mp, and now have 34/36 mp.
You catch the helpless spiny frog completely off-guard!
You skewer the spiny frog like a kebab!!!
The spiny frog stings you!
You take 15 damage, and have 48/65 hp.
MASSIVE DAMAGE!!
The spiny frog completely misses you.
There is a stone staircase leading up here.
You closely miss the spiny frog. You hit the spiny frog.
The spiny frog barely misses you. The dream sheep bites you!
You take 13 damage, and have 35/65 hp.
The spiny frog completely misses you. The dream sheep completely misses you.
You climb upwards.
There is a stone staircase leading down here.
MP restored: 36
Aim: a spiny frog (almost dead, chance to defeat MR: 66%)
The spiny frog resists with significant effort.
The spiny frog closely misses you. The dream sheep bites you.
You take 3 damage, and have 32/65 hp.
You now have 34/36 mp.
You hit the spiny frog but do no damage.
The spiny frog stings you!
* * * LOW HITPOINT WARNING * * *
You take 13 damage, and have 19/65 hp.
The dream sheep ruffles its wool and motes of dream dust sparkle, to no effect.
MP restored: 36 You start resting.
You regained 5 hp, and now have 28/65 hp.
You start resting.
Okay, then.
The dream sheep bleats!
Aim: a dream sheep (chance to defeat MR: 57%)
The dream sheep looks drowsy...
You now have 34/36 mp.
The helpless dream sheep fails to defend itself.
You perforate the dream sheep like a sieve!!!!
You kill the dream sheep!
You see here 6 gold pieces.
MP restored: 36 You closely miss the spiny frog.
The spiny frog completely misses you.
Aim: a spiny frog (severely wounded, chance to defeat MR: 66%)
The spiny frog looks drowsy...
You now have 34/36 mp.
The helpless spiny frog fails to defend itself.
You stick the spiny frog like a pincushion!!!!
You kill the spiny frog!
Your Translocations skill increases to level 15!
You now have 1863 gold pieces (gained 6).
MP restored: 36 You now have 1869 gold pieces (gained 6).
Okay, then.
You start resting.
Health restored: 65
Okay, then.
Okay, then.
Adjust (i)tems, (s)pells, or (a)bilities?
Okay, then.
There is a stone staircase leading down here.
You climb downwards.
You feel a wave of frost pass over you.
There is an entrance to an ice cave on this level.
Hurry and find it before the portal melts!
You hear the steady crackling of a very distant melting archway.
The dream sheep completely misses you. The dream sheep misses you. x2
The dream sheep barely misses you. The dream sheep bites you.
The dream sheep closely misses you.
There is a stone staircase leading up, spattered with blood here.
You take 6 damage, and have 59/65 hp.
Aim: a dream sheep (chance to defeat MR: 57%)
The dream sheep looks drowsy...
The dream sheep misses you.
The dream sheep ruffle their wool and motes of dream dust sparkle, to no effect.
You now have 34/36 mp.
The helpless dream sheep fails to defend itself.
You perforate the dream sheep like a sieve!!!!
You kill the dream sheep!
The dream sheep closely misses you.
The dream sheep shake their wool and sparkle.
You feel drowsy...
You fall asleep.
The komodo dragon misses you.
The dream sheep completely misses you. x2
The komodo dragon completely misses you.
The dream sheep completely misses you. x2
The komodo dragon completely misses you.
The dream sheep completely misses you. The dream sheep misses you.
The komodo dragon bites you!!!!
Ouch! That really hurt!
You die...
Your body crumbles into a pile of gold.

##.#....####P.##
.................
#................
#P...............
#................ #
##................
#.#P................
....P......$........
....P......l@.......
#..........YY......
###......../....##
#.#.##.....P....
#P..##.....##....
..P.. ##...P# P...
...l.# ##..P# ...
###... #...# .# ##..
#....


You could see a komodo dragon and 2 dream sheep.

Vanquished Creatures
  The ghost of Lapis the Geomancer, a journeyman NaEE of Cheibriados (Lair:5)
  2 hydras
  The ghost of EvilAshe the Nimble, a journeyman HuIE of Hepliaklqana (D:11)
  6 death yaks (Lair:4)
  5 two-headed ogres
  4 cyclopes
  A merfolk siren (Lair:3)
  2 black mambas
  6 spiny frogs
  2 gargoyles
  The ghost of letownia2 the Chiller, a novice MfIE (D:6)
  A rime drake (Lair:3)
  3 komodo dragons
  2 kobold demonologists (D:12)
  2 trolls
  2 hornets (D:8)
  A queen bee (D:8)
  Prince Ribbit (D:6)
  A guardian mummy (D:14)
  11 blink frogs
  7 dream sheep
  8 hippogriffs
  2 wyverns (D:12)
  2 vampires (D:9)
  A shadow (D:12)
  A basilisk (Lair:1)
  10 yaks
  Menkaure (D:4)
  4 hungry ghosts
  6 nagas (Lair:2)
  3 wargs (D:10)
  6 water moccasins
  7 porcupines
  6 sky beasts
  2 soldier ants (D:8)
  6 ice beasts
  3 orc warriors
  A black bear (D:10)
  3 necrophages
  6 phantoms
  25 killer bees
  3 ogres
  An eye of draining (D:13)
  2 wolves (Lair:3)
  4 centaurs
  12 crocodiles
  An elf zombie (Ossuary)
  6 big kobolds
  17 bullfrogs
  6 scorpions
  5 wights (D:12)
  3 howler monkeys (D:7)
  An electric eel (D:12)
  A bullfrog zombie (D:7)
  4 centaur zombies
  4 crimson imps
  A quasit (D:10)
  3 human zombies (Ossuary)
  4 jellies (D:12)
  7 hounds
  5 orc priests
  7 orc wizards
  2 bullfrog skeletons
  A centaur skeleton (D:12)
  An iguana (D:4)
  9 worker ants
  5 hell rats (Lair:3)
  A big kobold zombie (Ossuary)
  A hound zombie (Ossuary)
  A hound skeleton (D:9)
  5 mummies
  A worker ant zombie (D:10)
  8 gnolls
  10 adders
  3 shadow imps
  An ooze (D:5)
  2 adder skeletons
  2 adder zombies
  4 worms
  A dart slug (D:2)
  3 leopard geckos
  45 orcs
  A ball python (D:3)
  4 bats
  5 giant cockroaches
  5 hobgoblins
  13 jackals
  21 kobolds
  2 quokkas
  2 frilled lizards
  8 goblins
  A hobgoblin zombie (Ossuary)
  A jackal zombie (Ossuary)
  2 quokka zombies
  4 rats
437 creatures vanquished.

Vanquished Creatures (collateral kills)
  A killer bee (D:5)
  2 orcs
  A gnoll zombie (Ossuary)
  A goblin zombie (Ossuary)
5 creatures vanquished.

Vanquished Creatures (others)
  2 dancing weapons
  A killer bee (D:10)
  A human zombie (Ossuary)
  6 fungi
  6 plants
16 creatures vanquished.

Grand Total: 458 creatures vanquished

Notes
Turn   | Place    | Note
-------+----------+-------------------------------------------
     0 | D:1      | shakethe the Spriggan Enchanter began the quest for the Orb.
     0 | D:1      | Reached XP level 1. HP: 9/9 MP: 5/5
   529 | D:1      | Reached XP level 2. HP: 7/13 MP: 6/6
   781 | D:1      | HP: 3/13 [kobold (3)]
  1269 | D:1      | Reached skill level 3 in Spellcasting
  1349 | D:1      | Found a shimmering altar of Xom.
  1450 | D:2      | Learned a level 2 spell: Ensorcelled Hibernation
  1767 | D:2      | Reached XP level 3. HP: 16/16 MP: 2/8
  1926 | D:2      | Reached skill level 4 in Hexes
  2171 | D:3      | Reached skill level 5 in Stealth
  2317 | D:3      | Learned a level 3 spell: Confuse
  2446 | D:3      | Reached skill level 2 in Short Blades
  2446 | D:3      | Reached XP level 4. HP: 18/21 MP: 3/10
  2620 | D:2      | Learned a level 3 spell: Tukima's Dance
  2782 | D:3      | Found a faded altar of an unknown god.
  3025 | D:3      | Found a stormy altar of Qazlal.
  3140 | D:3      | Reached skill level 4 in Dodging
  3165 | D:3      | Found a shattered altar of Ashenzari.
  3181 | D:3      | Reached skill level 4 in Spellcasting
  3698 | D:4      | Found a sparkling altar of Nemelex Xobeh.
  3814 | D:4      | Noticed an ogre
  4121 | D:3      | Reached XP level 5. HP: 19/24 MP: 5/12
  4460 | D:4      | Noticed Menkaure
  4538 | D:4      | Killed an ogre
  4538 | D:4      | Reached XP level 6. HP: 28/28 MP: 8/14
  4577 | D:4      | Killed Menkaure
  4577 | D:4      | Reached skill level 3 in Short Blades
  4577 | D:4      | Reached skill level 6 in Stealth
  4577 | D:4      | Reached skill level 1 in Ice Magic
  4749 | D:4      | Reached skill level 5 in Spellcasting
  4952 | D:4      | Reached skill level 5 in Hexes
  4952 | D:4      | Reached XP level 7. HP: 24/32 MP: 3/15
  5190 | D:4      | Reached skill level 7 in Stealth
  5561 | D:4      | Found a hazy altar of Hepliaklqana.
  5563 | D:4      | Found a shimmering altar of Xom.
  5563 | D:4      | Noticed an unseen horror
  5564 | D:4      | Noticed an unseen horror
  5564 | D:4      | Noticed a spectral ugly thing
  5624 | D:5      | Entered Level 5 of the Dungeon
  5783 | D:5      | Reached skill level 2 in Ice Magic
  5863 | D:5      | Reached skill level 4 in Short Blades
  5863 | D:5      | Reached skill level 8 in Stealth
  6448 | D:5      | Reached XP level 8. HP: 34/36 MP: 8/17
  6582 | D:5      | Reached skill level 6 in Spellcasting
  6607 | D:5      | Reached skill level 6 in Hexes
  8376 | D:6      | Reached skill level 3 in Ice Magic
  8534 | D:6      | Reached skill level 5 in Short Blades
  8534 | D:6      | Reached skill level 9 in Stealth
  8664 | D:6      | Noticed Prince Ribbit
  8750 | D:6      | Reached skill level 1 in Evocations
  8757 | D:6      | Found Jidurch's Antique Armour Emporium.
  9153 | D:6      | Noticed letownia2's ghost (novice MfIE)
  9214 | D:6      | Killed letownia2's ghost
  9214 | D:6      | Reached skill level 1 in Fighting
  9214 | D:6      | Reached skill level 5 in Dodging
  9214 | D:6      | Reached skill level 7 in Spellcasting
  9214 | D:6      | Reached skill level 2 in Evocations
  9214 | D:6      | Reached XP level 9. HP: 32/41 MP: 10/20
  9329 | D:6      | Found a staircase to the Ecumenical Temple.
  9349 | Temple   | Entered the Ecumenical Temple
  9400 | Temple   | Became a worshipper of Gozag Ym Sagoz the Greedy
  9549 | D:6      | Killed Prince Ribbit
  9549 | D:6      | Reached skill level 7 in Hexes
  9691 | D:7      | Reached skill level 3 in Evocations
 10084 | D:7      | Reached skill level 6 in Dodging
 10332 | D:7      | Reached skill level 2 in Fighting
 10511 | D:7      | Reached skill level 10 in Stealth
 10767 | D:7      | Reached skill level 6 in Short Blades
 10952 | D:7      | You fall through a shaft for 2 floors!
 11014 | D:8      | Reached skill level 4 in Evocations
 11532 | D:8      | Found a sand-covered staircase.
 11543 | Ossuary  | Entered an ossuary
 11563 | Ossuary  | Reached XP level 10. HP: 32/47 MP: 10/22
 11603 | Ossuary  | Reached skill level 8 in Spellcasting
 11957 | Ossuary  | Reached skill level 7 in Dodging
 12240 | D:8      | Reached skill level 8 in Hexes
 12241 | D:8      | Reached skill level 3 in Fighting
 12241 | D:8      | Reached skill level 5 in Evocations
 12503 | D:8      | Noticed a two-headed ogre
 12508 | D:8      | Killed a two-headed ogre
 12508 | D:8      | Reached skill level 11 in Stealth
 12527 | D:8      | Learned a level 3 spell: Gell's Gravitas
 13094 | D:8      | Reached skill level 7 in Short Blades
 13094 | D:8      | Reached skill level 1 in Translocations
 13166 | D:8      | Reached skill level 8 in Dodging
 13831 | D:9      | Reached skill level 2 in Translocations
 13839 | D:9      | Reached skill level 6 in Evocations
 14557 | D:9      | Noticed a two-headed ogre
 14600 | D:9      | Killed a two-headed ogre
 14600 | D:9      | Reached skill level 9 in Spellcasting
 14600 | D:9      | Reached skill level 3 in Translocations
 14600 | D:9      | Reached XP level 11. HP: 53/53 MP: 17/25
 14713 | D:9      | Noticed a two-headed ogre
 14727 | D:9      | Killed a two-headed ogre
 14727 | D:9      | Reached skill level 4 in Fighting
 14727 | D:9      | Reached skill level 9 in Hexes
 14836 | D:9      | Found a hide-covered altar of Uskayaw.
 15100 | D:10     | Entered Level 10 of the Dungeon
 15116 | D:10     | Reached skill level 4 in Translocations
 15131 | D:10     | Found Agips's Book Shoppe.
 15258 | D:10     | Reached skill level 9 in Dodging
 15284 | D:10     | Found a staircase to the Orcish Mines.
 15288 | D:10     | Noticed a two-headed ogre
 15642 | D:10     | Reached skill level 12 in Stealth
 15642 | D:10     | Reached skill level 5 in Translocations
 15833 | D:10     | Found Xobun's Assorted Antiques.
 15925 | D:10     | Killed a two-headed ogre
 16042 | D:10     | Found a staircase to the Lair.
 16431 | D:11     | Reached skill level 6 in Translocations
 16433 | D:11     | Noticed EvilAshe's ghost (journeyman HuIE)
 16575 | D:8      | Bought a book of the Warp for 1080 gold pieces
 16579 | D:8      | Learned a level 3 spell: Portal Projectile
 16708 | D:11     | Killed EvilAshe's ghost
 16708 | D:11     | Reached skill level 8 in Short Blades
 16708 | D:11     | Reached skill level 10 in Dodging
 16796 | D:11     | Noticed a six-headed hydra
 16840 | D:11     | Killed a six-headed hydra
 17202 | D:11     | Reached skill level 7 in Translocations
 17313 | D:11     | Found a portal to a secret trove of treasure.
 18209 | D:12     | Reached XP level 12. HP: 59/59 MP: 17/26
 18227 | D:12     | Reached skill level 11 in Dodging
 18452 | D:12     | Reached skill level 8 in Translocations
 19358 | D:12     | Reached skill level 5 in Fighting
 20142 | D:13     | Noticed a two-headed ogre
 20178 | D:13     | Reached skill level 10 in Hexes
 20197 | D:13     | Killed a two-headed ogre
 20197 | D:13     | Reached skill level 13 in Stealth
 20212 | D:13     | Reached skill level 9 in Translocations
 21195 | D:10     | Bought an ivory wand for 104 gold pieces
 21195 | D:10     | Bought a copper ring for 130 gold pieces
 21195 | D:10     | Bought a copper ring for 130 gold pieces
 21195 | D:10     | Bought a scratched steel ring for 130 gold pieces
 21443 | Lair:1   | Entered Level 1 of the Lair of Beasts
 21553 | Lair:1   | Reached skill level 12 in Dodging
 21788 | Lair:1   | Reached skill level 9 in Short Blades
 22080 | Lair:1   | Noticed a four-headed hydra
 22091 | Lair:1   | Killed a four-headed hydra
 22091 | Lair:1   | Reached skill level 10 in Translocations
 22599 | Lair:2   | Found a staircase to the Snake Pit.
 23102 | Lair:3   | Found a staircase to the Shoals.
 23358 | Lair:3   | Reached XP level 13. HP: 65/65 MP: 27/27
 23532 | Lair:3   | Reached skill level 11 in Translocations
 24432 | Lair:4   | Reached skill level 12 in Translocations
 25137 | Lair:4   | Reached skill level 10 in Short Blades
 25582 | Lair:5   | Reached skill level 13 in Translocations
 25646 | Lair:5   | Noticed Lapis's ghost (journeyman NaEE)
 25671 | Lair:5   | Killed Lapis's ghost
 25692 | Lair:5   | Learned a level 8 spell: Controlled Blink
 25874 | Lair:5   | Reached skill level 14 in Translocations
 26515 | Lair:6   | Entered Level 6 of the Lair of Beasts
 26660 | Lair:5   | Reached skill level 15 in Translocations
 26868 | Lair:6   | Demolished by a komodo dragon

Skill      XL: |  1  2  3  4  5  6  7  8  9 10 11 12 13 |
---------------+----------------------------------------+-----
Spellcasting   | 3 4 5 7 9 |  9.0
Hexes          | 4 5 6 7 8 9 10 | 10.6
Stealth        | 5 6 8 9 10 11 12 13 | 13.6
Short Blades   | 2 3 4 5 6 7 8 9 10 | 10.0
Dodging        | 4 5 6 8 10 12 | 12.9
Ice Magic      | 1 2 3 |  3.1
Evocations     | 2 4 6 |  6.3
Fighting       | 1 2 3 4 5 |  5.8
Translocations | 3 7 10 15 | 15.0

Action                   |  1- 3 |  4- 6 |  7- 9 | 10-12 | 13-15 || total
-------------------------+-------+-------+-------+-------+-------++-------
Melee: Dagger            |   139 |    66 |   363 |   592 |    96 ||  1256
Throw: Stone             |     6 |     5 |     7 |    15 |     3 ||    36
 Cast: Corona            |     5 |       |       |       |       ||     5
       Ensorcelled Hiber |    17 |    29 |    96 |   210 |   136 ||   488
       Confuse           |       |    13 |    37 |    87 |    17 ||   154
       Tukima's Dance    |       |     2 |     3 |     3 |       ||     8
Invok: Potion Petition   |       |       |     1 |       |       ||     1
       Call Merchant     |       |       |       |     1 |       ||     1
Evoke: Wand              |       |       |     3 |     3 |       ||     6
  Use: Scroll            |     6 |     4 |     5 |    14 |       ||    29
       Potion            |       |       |     1 |     3 |       ||     4
 Stab: Sleeping          |    13 |    18 |    63 |   157 |    40 ||   291
       Confused          |       |     6 |    22 |    56 |     9 ||    93
       Invisible         |       |       |     1 |       |       ||     1
       Distracted        |       |       |     1 |     9 |     3 ||    13
  Eat: Ration            |       |     3 |     2 |     7 |     1 ||    13
Armor: Robe              |    18 |     3 |     6 |    14 |     1 ||    42
Dodge: Dodged            |    97 |    48 |   238 |   377 |    97 ||   857

Vault maps used:
D:1:      dpeg_arrival_water_altar, minmay_close_crescents
D:3:      nicolae_overflow_crystal_walls, grunt_qazlal_clouds, first_ration,
          chequers_ecumenical_altar_island
D:4:      kennysheep_big_flooded_room, nemelex_xobeh_ov_fountains_minmay,
          regret_index_temple_of_mockery, uniq_menkaure
D:6:      minmay_temple_entry_nine_rooms, serial_shops, shop_fountains,
          amethyst_killhole, uniq_prince_ribbit1
D:7:      uniq_duvessa
D:8:      nicolae_ossuary_entry_monument, hangedman_pestilent_swarm,
          nicolae_looking_at_the_future
D:9:      lemuel_round_altar, serial_co_window_serial, co_window_paths_a,
          co_window_of_opportunity_a, co_window_corner_a, co_window_paths_a,
          co_window_cross_1, co_window_broadway_b, co_window_2corner,
          co_window_unsneaky_path_c, co_window_paths_e, glass_columns_c,
          glass_columns_a, glass_columns_a, glass_columns_c, glass_columns_b
D:10:     grunt_lair_entry_orc_guard_hut, minmay_orc_entry_guard_dogs,
          serial_shops, nicolae_shop_trees, shop
D:11:     nicolae_trove_entry_columns, minmay_misc_feat_cross
D:12:     water_maze_lemuel
D:14:     grunt_vaults_entry_tiered, serial_undead, serial_undead_c,
          serial_undead_a, serial_undead_b, serial_undead_a, grunt_decor_cap
Temple:   eino_temple_rhombus
Lair:2:   minmay_snake_entry_guardpost_medium, special_room
Lair:3:   minmay_shoals_entry_lonely_mermaid, beast_lair_carwin_3
Lair:5:   grunt_megastairs_1, infiniplex_staircase_pool_2
Lair:6:   gammafunk_lair_ancient_temple, dpeg_slime_entry_enclosed_altar,
          portal_ice_cave_entry_pillars_1
Ossuary:  ossuary_minmay_tomb_2a

Table legend:
 A = Turns spent in this place as a percentage of turns spent in the entire game.
 B = Non-inter-level travel turns spent in this place as a percentage of non-inter-level travel turns spent in the entire game.
 C = Inter-level travel turns spent in this place as a percentage of turns spent in this place.
 D = Turns resting spent in this place as a percentage of non-inter-level travel turns spent in this place.
 E = Turns spent auto-exploring this place as a percentage of non-inter-level travel turns spent in this place.
 F = Non-inter-level travel turns spent in this place divided by the number of levels of this place that you've seen.
                   A       B       C       D       E      F
               +-------+-------+-------+-------+-------+----------------------
         Total | 100.0 | 100.0 |   0.4 |   7.3 |   2.7 | 1216.1
       Dungeon |  77.2 |  77.1 |   0.5 |   5.9 |   3.5 | 1472.6
        Temple |   0.4 |   0.4 |   0.0 |   0.0 |   0.0 | 119.0
          Lair |  20.2 |  20.3 |   0.0 |   8.1 |   0.0 | 904.2
       Ossuary |   2.2 |   2.2 |   0.0 |  50.9 |   0.0 | 595.0
               +-------+-------+-------+-------+-------+----------------------

Table legend:
 A = Kills in this place as a percentage of kills in entire the game.
 B = Kills by you in this place as a percentage of kills by you in the entire game.
 C = Kills by friends in this place as a percentage of kills by friends in the entire game.
 D = Other kills in this place as a percentage of other kills in the entire game.
 E = Experience gained in this place as a percentage of experience gained in the entire game.
 F = Experience gained in this place divided by the number of levels of this place that you have seen.
                   A       B       C       D       E      F
               +-------+-------+-------+-------+-------+----------------------
         Total | 100.0 | 100.0 | 100.0 | 100.0 | 100.0 | 2483.5
       Dungeon |  74.5 |  75.0 |  60.0 |   0.0 |  52.4 | 2043.9
          Lair |  21.9 |  22.0 |   0.0 |  50.0 |  47.0 | 4281.7
       Ossuary |   3.6 |   3.0 |  40.0 |  50.0 |   0.6 | 333.0
               +-------+-------+-------+-------+-------+----------------------
